 Dungeon Crawl Stone Soup version 0.29-a0-22-gbf593b16ee (webtiles) character file.

Game seed: 1960416531724638325

593 enile the Firebug (level 7, 0/40 HPs)
             Began as a Deep Elf Fire Elementalist on Jan 29, 2022.
             Was a Believer of Vehumet.
             Slain by an ice beast (6 damage)
             ... on level 6 of the Dungeon.
             The game lasted 00:07:44 (5851 turns).

enile the Firebug (Deep Elf Fire Elementalist)      Turns: 5851, Time: 00:07:45

Health: 0/40       AC:  3    Str:  5    XL:     7   Next: 16%
Magic:  11/15      EV: 14    Int: 22    God:    Vehumet [**....]
Gold:   200        SH:  0    Dex: 15    Spells: 9/14 levels left

rFire   + . .      SeeInvis .   f - +3 dagger
rCold   . . .      Faith    .   (no shield)
rNeg    . . .      Spirit   .   i - +0 robe {rF+}
rPois   .          Reflect  .   (no helmet)
rElec   .          Harm     .   s - +0 cloak
rCorr   .          Rampage  .   (no gloves)
Will    .....                   (no boots)
Stlth   ++........              g - amulet of magic regeneration
HPRegen 0.13/turn               k - ring of wizardry
MPRegen 0.54/turn               v - ring of flight

@: flying
A: no striking features
a: Renounce Religion


You were on level 6 of the Dungeon.
You worshipped Vehumet.
Vehumet was pleased with you.
You visited 1 branch of the dungeon, and saw 6 of its levels.

You collected 200 gold pieces.

Inventory:

Hand Weapons
 f - a +3 dagger (weapon)
 j - a +1 dagger of flaming
 r - a +4 quarterstaff of chaos
Armour
 a - a +0 robe
 i - a +0 robe of fire resistance (worn)
 s - a +0 cloak (worn)
Jewellery
 g - an amulet of magic regeneration (around neck)
 k - a ring of wizardry (left hand)
 v - a ring of flight (right hand)
Wands
 n - a wand of iceblast (11) (quivered)
Scrolls
 m - a scroll of blinking
 o - 2 scrolls of holy word
 q - a scroll of immolation
Potions
 b - a potion of curing {unknown}
 c - a potion of brilliance
 d - 2 potions of might {unknown}
 e - 2 potions of degeneration {unknown}
 h - a potion of heal wounds {unknown}
 p - 2 potions of mutation {unknown}
 t - a potion of ambrosia {unknown}
 u - a potion of cancellation {unknown}
 w - a potion of resistance {unknown}


   Skills:
 + Level 2.8 Fighting
 - Level 5.0 Dodging
 - Level 2.4 Stealth
 - Level 4.0 Spellcasting
 - Level 3.0 Conjurations
 - Level 6.0 Fire Magic


You had 9 spell levels left.
You knew the following spells:

 Your Spells              Type           Power      Damage    Failure   Level
a - Foxfire               Conj/Fire      96%        2x1d8     1%          1
b - Scorch                Fire           60%        2d8       1%          2
c - Poisonous Vapours     Pois/Air       8%         N/A       7%          2

Your spell library contained the following spells:

 Spells                   Type           Power      Damage    Failure   Level
 Conjure Flame            Conj/Fire      24%        6-21      2%          3
 Inner Flame              Hex/Fire       17%        N/A       4%          3
 Flame Wave               Conj/Fire      24%        2d7       7%          4
 Gell's Gravitas          Tloc           4%         N/A       13%         3
 Lesser Beckoning         Tloc           4%         N/A       13%         3
 Teleport Other           Tloc           4%         N/A       13%         3
 Animate Dead             Necr           2%         N/A       38%         4
 Borgnjor's Vile Clutch   Necr/Erth      2%         N/A       73%         5
 Death Channel            Necr           2%         N/A       99%         6


Dungeon Overview and Level Annotations

Branches:
Dungeon (6/15)
 Temple: D:4-7

Altars:
Cheibriados
Elyvilon
Vehumet

Shops:
D:3 =

Annotations:
D:5 2 transporters, Grinder
D:6 1 runed translucent door, Cecur's ghost, novice TrMo


Message History

The foxfire hits the jelly.
The jelly is severely wounded.
The foxfire hits the jelly.
The jelly is almost dead.
Casting: Foxfire (safe; 1% risk of failure)
Confirm with . or Enter, or press ? or * to list all spells.
Flames lash the jelly.
You kill the jelly!
Vehumet accepts your kill.
You feel your power returning.
You start resting.
You hear the brisk rusting of a very distant drain.
As you read the scroll of identify, it crumbles to dust.
c - a potion of brilliance The bullfrog snags a nearby moth with its tongue.
You start resting.
Cecur's ghost says, "Life goes in cycles.
In a little while, you'll be reborn as a tapeworm."
An adder comes into view.
Cecur's ghost moans, "Why did I trust plants to save my life?"
An ice beast comes into view.
Casting: Scorch (safe; 1% risk of failure)
Confirm with . or Enter, or press ? or * to list all spells.
Flames lash the ice beast.
The ice beast melts!
The ice beast is moderately wounded.
The ice beast's fire resistance burns away.
The ice beast barely misses you.
Casting: Scorch (safe; 1% risk of failure)
Confirm with . or Enter, or press ? or * to list all spells.
Flames lash the ice beast.
The ice beast melts!
The ice beast is severely wounded.
You hear an angry hiss.
The ice beast hits you but does no damage.
The ice beast closely misses you.
Casting: Scorch (safe; 1% risk of failure)
Confirm with . or Enter, or press ? or * to list all spells.
Flames lash the ice beast but do no damage.
The ice beast hits you.
* * * LOW HITPOINT WARNING * * *
The ice beast freezes you.
You die...

#.##.#.♣≈≈.≈
#.##..P≈.≈≈≈
##......≈≈.≈≈
#######.#.#P≈≈.≈≈
≈/≈SWF+.#....≈≈.
#######.....#
##$....## ##....# ..
#####..@#####
#..#.#......Y>...##
♣...♣..............#
..P♣♣...........#.#
♣.♣ ####....#.##..
♣♣≈♣♣ #.......# ##
♣♣.≈.♣♣♣♣♣....#..#
≈♣♣♣≈.≈.♣)♣P≈....#..#
.≈≈.≈≈≈≈).≈≈..#.....#


You could see an ice beast (combustible), a bullfrog, Cecur's ghost and an
adder.

Vanquished Creatures
  An ogre (D:4)
  A phantom (D:4)
  4 orc priests
  A jelly (D:6)
  Crazy Yiuf (D:4)
  2 iguanas
  An orc wizard (D:3)
  A killer bee zombie (D:6)
  A howler monkey zombie (D:6)
  An adder (D:2)
  An ufetubus (D:3)
  A worm (D:4)
  3 dart slugs
  15 orcs
  13 endoplasms
  5 giant cockroaches
  10 goblins
  11 hobgoblins
  2 jackals (D:2)
  2 quokkas
  6 ball pythons
  6 bats
  3 frilled lizards (D:2)
  6 kobolds
  7 rats
105 creatures vanquished.

Vanquished Creatures (collateral kills)
  7 foxfires (D:3)
7 creatures vanquished.

Vanquished Creatures (others)
  A kobold (D:2)
  412 foxfires
  11 plants
424 creatures vanquished.

Grand Total: 536 creatures vanquished

Notes
Turn   | Place    | Note
-------+----------+-------------------------------------------
     0 | D:1      | enile the Deep Elf Fire Elementalist began the quest for
                  | the Orb.
     0 | D:1      | Reached XP level 1. HP: 10/10 MP: 6/6
   352 | D:1      | Reached skill level 1 in Fighting
   434 | D:1      | Reached XP level 2. HP: 16/16 MP: 4/8
   903 | D:1      | Learned a level 2 spell: Scorch
  1331 | D:2      | Reached XP level 3. HP: 15/20 MP: 2/10
  1816 | D:2      | Reached skill level 4 in Fire Magic
  2305 | D:2      | Found a faded altar of an unknown god.
  2332 | D:2      | Prayed at the altar of an unknown god.
  2332 | D:2      | Became a worshipper of Vehumet
  2332 | D:2      | Reached * piety under Vehumet
  2332 | D:2      | Offered knowledge of Shock by Vehumet.
  2580 | D:3      | Found a white marble altar of Elyvilon.
  2778 | D:3      | Reached XP level 4. HP: 25/25 MP: 10/12
  3251 | D:3      | Found Egucuf's Jewellery Boutique.
  3307 | D:3      | Found a snail-covered altar of Cheibriados.
  3372 | D:3      | Reached skill level 5 in Fire Magic
  3373 | D:3      | Reached XP level 5. HP: 9/29 MP: 7/13
  4001 | D:4      | Offered knowledge of Poisonous Vapours by Vehumet.
  4056 | D:4      | Noticed an ogre
  4065 | D:4      | Killed an ogre
  4066 | D:4      | Reached skill level 6 in Fire Magic
  4080 | D:4      | Noticed a phantom
  4087 | D:4      | Killed a phantom
  4088 | D:4      | Reached XP level 6. HP: 16/34 MP: 12/14
  4264 | D:4      | Reached ** piety under Vehumet
  4362 | D:4      | Reached skill level 5 in Dodging
  5044 | D:4      | Found a runed translucent door.
  5045 | D:4      | Noticed Crazy Yiuf
  5057 | D:4      | Killed Crazy Yiuf
  5272 | D:5      | Entered Level 5 of the Dungeon
  5285 | D:5      | Found a transporter.
  5295 | D:5      | Learned a level 2 spell: Poisonous Vapours
  5389 | D:5      | Found a transporter.
  5407 | D:5      | Noticed Grinder
  5754 | D:6      | Reached XP level 7. HP: 26/40 MP: 12/15
  5790 | D:6      | Found a runed translucent door.
  5792 | D:6      | Noticed Cecur's ghost (novice TrMo)
  5851 | D:6      | Slain by an ice beast

Illustrated notes

Levels and vault maps discovered:
D:1:      erik_arrival_triangle_small, layout_rooms
D:2:      layout_loops_ring, shapermc_ecumenical_altar_mp_vishouse,
          lemuel_flame_loot_1
D:3:      layout_loops_ring, nicolae_elyvilon_peaceful_grove,
          lemuel_round_altar, serial_shops, nicolae_lakefront_shop, st_stairs_4,
          dk_noncrumbling_4, serial_bayou_pond_b, grunt_ministairs_10
D:4:      layout_gridville, uniq_crazy_yiuf_cottage
D:5:      gammafunk_steamed_eel, layout_rooms, uniq_sigmund, uniq_grinder
D:6:      layout_loops_cross, ebering_ghost_sewer_d, portal_sewer_entry_f,
          serial_bayou, serial_bayou_shore_a, serial_bayou_pond_b,
          serial_bayou_crossing, serial_bayou_pond_d

Skill      XL: |  1  2  3  4  5  6 |
---------------+-------------------+-----
Fighting       | 1 2 |  2.8
Spellcasting   | 4 |  4.0
Dodging        | 3 5 |  5.0
Fire Magic     | 4 5 6 |  6.0
Conjurations   | 3 |  3.0
Stealth        | |  2.4

Action                   |  1- 3 |  4- 6 |  7- 9 || total
-------------------------+-------+-------+-------++-------
Melee: Dagger            |     1 |     1 |     3 ||     5
 Cast: Foxfire           |   128 |   133 |     2 ||   263
       Scorch            |     7 |    27 |     8 ||    42
       Poisonous Vapours |       |     7 |       ||     7
Evoke: Wand              |       |     2 |       ||     2
  Use: Scroll            |       |     4 |     2 ||     6
 Stab: Sleeping          |     1 |       |       ||     1
Armor: Robe              |     3 |     6 |     2 ||    11
Dodge: Dodged            |     6 |    26 |     2 ||    34

Table legend: (Time is in decaauts)
 A = Elapsed time spent in this place.
 B = Non-inter-level travel time spent in this place.
 C = Inter-level travel time spent in this place.
 D = Time resting spent in this place.
 E = Time spent auto-exploring this place.
 F = Levels seen in this place.
 G = Mean time per level.
                   A        B        C        D        E       F      G
               +--------+--------+--------+--------+--------+-----+--------+
         Total |   5855 |   5720 |    135 |    633 |   4081 |   6 |  975.8 |
       Dungeon |   5855 |   5720 |    135 |    633 |   4081 |   6 |  975.8 |
               +--------+--------+--------+--------+--------+-----+--------+

Top non-repeatable levels by time:
     D:3: 1387 daAuts
     D:4: 1371 daAuts
     D:2: 1365 daAuts
     D:1: 1153 daAuts
     D:6: 391 daAuts
     D:5: 186 daAuts
